[ AOE2 MATCH · #478275822 ]
UnrankedBohemians vs Dravidians
Player's team · LOSS
Rival team · WIN
[ REPLAY ANALYSIS · EXTRACTED FROM THE RECORDED GAME ]
Feudal
8:51
Castle
20:22
Imperial
34:47
| APM avg | 91.4 |
| APM peak | 138 |
| eAPM avg | 37.6 |
| Villagers / military | 88 / 53 |
Focus
⚔️ 32.6% · 🌾 67.4%
Skirmisher ×29 · Mangonel ×12 · Hussite Wagon ×7 · Militia ×4 · Monk ×1
Feudal
10:33
Castle
20:53
Imperial
34:38
| APM avg | 43.2 |
| APM peak | 66 |
| eAPM avg | 19.7 |
| Villagers / military | 115 / 57 |
Focus
⚔️ 35.5% · 🌾 64.5%
Skirmisher ×43 · Mangonel ×5 · Monk ×2 · Archer ×2 · Militia ×2 · Spearman ×1
Match map
Initial resources + every placement click. Lines = walls · curves = elevation contours. ◆ gold · ⬟ stone · ● berries · ✦ relic · ◌ wall gap
Your base· ✓ Closed at 20:22 · 55t walls · no gate
Osama's base· Open — opponent sealed themselves in
Smoothed initial terrain · ◌ = detected wall gap · hover for details
Inputs per minute
— WINDOWS2008 - - Osama
Build order — WINDOWS2008
First 150 of 274 actions detected
| 0:00 | Create | Villager (Male) |
| 0:01 | Create | Villager (Male) |
| 0:01 | Build | House |
| 0:03 | Build | House |
| 0:11 | Create | Villager (Male) |
| 0:13 | Create | Villager (Male) |
| 0:14 | Create | Villager (Male) |
| 1:34 | Create | Villager (Male) |
| 2:00 | Create | Villager (Male) |
| 2:00 | Create | Villager (Male) |
| 2:03 | Build | Lumber Camp |
| 2:19 | Create | Villager (Male) |
| 2:19 | Create | Villager (Male) |
| 2:53 | Create | Villager (Male) |
| 2:53 | Create | Villager (Male) |
| 3:18 | Create | Villager (Male) |
| 3:33 | Create | Villager (Male) |
| 3:51 | Build | House |
| 4:01 | Create | Villager (Male) |
| 4:01 | Create | Villager (Male) |
| 4:23 | Create | Villager (Male) |
| 4:24 | Create | Villager (Male) |
| 4:36 | Create | Villager (Male) |
| 5:07 | Build | Barracks |
| 5:22 | Create | Villager (Male) |
| 5:33 | Build | House |
| 5:51 | Create | Villager (Male) |
| 5:54 | Research | Loom |
| 6:36 | Research | Feudal Age |
| 7:03 | Build | Mining Camp |
| 7:20 | Create | Militia |
| 7:21 | Create | Militia |
| 7:21 | Create | Militia |
| 7:47 | Build | House |
| 7:58 | Create | Militia |
| 8:00 | Build | Palisade Wall |
| 8:00 | Build | Palisade Wall |
| 8:36 | Build | Palisade Wall |
| 8:43 | Create | Villager (Male) |
| 8:51 | Age | Feudal Age |
| 8:59 | Build | Archery Range |
| 9:11 | Research | Man-at-Arms (upgrade) |
| 9:11 | Research | Man-at-Arms (upgrade) |
| 9:20 | Create | Villager (Male) |
| 9:33 | Build | House |
| 9:39 | Build | Mill |
| 9:48 | Create | Skirmisher |
| 9:51 | Create | Villager (Male) |
| 10:12 | Build | Farm |
| 10:13 | Build | Farm |
| 10:21 | Create | Villager (Male) |
| 10:21 | Create | Villager (Male) |
| 10:44 | Build | Farm |
| 10:47 | Create | Villager (Male) |
| 11:04 | Build | Farm |
| 11:04 | Create | Villager (Male) |
| 11:11 | Build | House |
| 11:14 | Build | House |
| 11:15 | Build | Palisade Wall |
| 11:25 | Research | Town Watch |
| 11:25 | Research | Town Watch |
| 11:25 | Research | Town Watch |
| 11:35 | Build | Farm |
| 11:49 | Build | Palisade Wall |
| 11:54 | Create | Skirmisher |
| 11:57 | Create | Villager (Male) |
| 12:11 | Build | Farm |
| 12:22 | Create | Skirmisher |
| 12:30 | Create | Villager (Male) |
| 12:37 | Build | Farm |
| 12:47 | Create | Skirmisher |
| 13:02 | Create | Villager (Male) |
| 13:04 | Build | Farm |
| 13:06 | Build | Farm |
| 13:06 | Create | Villager (Male) |
| 13:19 | Create | Skirmisher |
| 13:19 | Create | Skirmisher |
| 13:27 | Build | House |
| 13:28 | Build | Palisade Wall |
| 13:41 | Create | Villager (Male) |
| 13:50 | Create | Villager (Male) |
| 14:01 | Create | Villager (Male) |
| 14:05 | Build | Blacksmith |
| 14:07 | Build | Palisade Wall |
| 14:13 | Build | Palisade Wall |
| 14:16 | Create | Villager (Male) |
| 14:19 | Build | Farm |
| 14:24 | Build | Palisade Wall |
| 14:27 | Create | Skirmisher |
| 14:35 | Build | House |
| 14:42 | Create | Villager (Male) |
| 14:57 | Create | Villager (Male) |
| 15:04 | Research | Fletching |
| 15:04 | Research | Fletching |
| 15:08 | Build | Farm |
| 15:10 | Build | Farm |
| 15:19 | Create | Villager (Male) |
| 15:37 | Build | Farm |
| 16:03 | Create | Villager (Male) |
| 16:22 | Create | Villager (Male) |
| 16:27 | Build | Farm |
| 16:28 | Build | Farm |
| 16:55 | Build | Farm |
| 17:38 | Build | Lumber Camp |
| 17:42 | Research | Castle Age |
| 17:42 | Research | Castle Age |
| 17:42 | Research | Castle Age |
| 18:07 | Build | Palisade Wall |
| 18:11 | Build | Archery Range |
| 18:13 | Create | Skirmisher |
| 18:43 | Research | Padded Archer Armor |
| 18:45 | Research | Double-Bit Axe |
| 18:45 | Research | Double-Bit Axe |
| 18:51 | Research | Horse Collar |
| 18:56 | Create | Skirmisher |
| 19:05 | Create | Skirmisher |
| 19:15 | Build | Farm |
| 19:22 | Create | Skirmisher |
| 19:38 | Build | Farm |
| 19:46 | Create | Villager (Male) |
| 20:22 | Age | Castle Age |
| 20:23 | Research | Bodkin Arrow |
| 20:24 | Research | Elite Skirmisher (upgrade) |
| 20:25 | Research | Bow Saw |
| 20:25 | Research | Bow Saw |
| 20:26 | Create | Villager (Male) |
| 20:34 | Create | Villager (Male) |
| 20:50 | Build | Siege Workshop |
| 21:14 | Research | Wheelbarrow |
| 21:30 | Create | Villager (Male) |
| 21:34 | Create | Mangonel |
| 21:40 | Create | Skirmisher |
| 21:40 | Create | Skirmisher |
| 21:58 | Create | Skirmisher |
| 22:00 | Build | Farm |
| 22:05 | Create | Skirmisher |
| 22:05 | Create | Skirmisher |
| 22:15 | Create | Mangonel |
| 22:16 | Create | Villager (Male) |
| 22:32 | Build | House |
| 22:36 | Build | Farm |
| 22:39 | Build | House |
| 22:46 | Create | Skirmisher |
| 23:08 | Create | Skirmisher |
| 23:08 | Create | Skirmisher |
| 23:11 | Create | Villager (Male) |
| 23:16 | Create | Mangonel |
| 23:46 | Create | Villager (Male) |
| 23:53 | Create | Mangonel |
| 23:54 | Create | Skirmisher |
Build order — Osama
First 150 of 295 actions detected
| 0:01 | Create | Villager (Male) ×4 |
| 0:02 | Build | House |
| 0:03 | Build | House |
| 1:35 | Create | Villager (Male) |
| 1:35 | Create | Villager (Male) |
| 1:59 | Create | Villager (Male) |
| 2:12 | Build | Lumber Camp |
| 2:17 | Create | Villager (Male) |
| 2:39 | Build | House |
| 2:48 | Create | Villager (Male) |
| 3:02 | Create | Villager (Male) |
| 3:24 | Create | Villager (Male) |
| 3:49 | Create | Villager (Male) |
| 4:12 | Create | Villager (Male) |
| 4:27 | Create | Villager (Male) |
| 4:58 | Build | Barracks |
| 5:03 | Create | Villager (Male) |
| 5:22 | Build | House |
| 5:30 | Create | Villager (Male) |
| 5:51 | Create | Militia |
| 5:52 | Create | Militia |
| 6:08 | Create | Villager (Male) |
| 6:22 | Build | House |
| 6:29 | Create | Villager (Male) |
| 6:48 | Create | Villager (Male) |
| 6:52 | Build | Mill |
| 7:07 | Research | Loom |
| 7:11 | Build | House |
| 7:14 | Build | Palisade Wall |
| 7:30 | Build | Palisade Wall |
| 7:31 | Build | Palisade Wall |
| 7:53 | Build | Palisade Wall |
| 8:23 | Research | Feudal Age |
| 8:23 | Research | Feudal Age |
| 9:13 | Build | Mining Camp |
| 9:21 | Build | Palisade Wall |
| 9:22 | Build | Palisade Wall |
| 9:24 | Build | Palisade Wall |
| 9:29 | Create | Villager (Male) |
| 10:33 | Age | Feudal Age |
| 10:35 | Build | Archery Range |
| 10:35 | Create | Spearman |
| 10:43 | Build | Blacksmith |
| 10:47 | Create | Villager (Male) |
| 10:49 | Research | Double-Bit Axe |
| 11:16 | Create | Skirmisher |
| 11:16 | Create | Skirmisher |
| 11:21 | Research | Horse Collar |
| 11:23 | Create | Villager (Male) |
| 11:28 | Research | Fletching |
| 11:35 | Create | Villager (Male) |
| 11:55 | Build | Farm |
| 11:56 | Build | Farm |
| 12:20 | Create | Villager (Male) |
| 12:20 | Create | Villager (Male) |
| 12:22 | Build | Farm |
| 12:23 | Build | Farm |
| 12:24 | Build | Farm |
| 12:25 | Build | Farm |
| 12:29 | Build | Farm |
| 12:31 | Create | Archer |
| 12:35 | Create | Archer |
| 12:46 | Create | Villager (Male) |
| 13:14 | Create | Villager (Male) |
| 13:23 | Create | Skirmisher |
| 13:28 | Build | Farm |
| 13:34 | Build | Farm |
| 13:45 | Create | Villager (Male) |
| 13:45 | Create | Villager (Male) |
| 13:48 | Build | House |
| 13:55 | Create | Villager (Male) |
| 14:10 | Build | House |
| 14:13 | Build | Farm |
| 14:23 | Build | Market |
| 14:26 | Build | House |
| 14:28 | Create | Villager (Male) |
| 14:31 | Build | Farm |
| 14:34 | Create | Skirmisher |
| 14:34 | Create | Skirmisher |
| 14:38 | Build | House |
| 14:43 | Build | House |
| 14:53 | Create | Villager (Male) |
| 15:11 | Create | Villager (Male) |
| 15:23 | Create | Skirmisher |
| 15:25 | Create | Villager (Male) |
| 15:27 | Build | Farm |
| 15:28 | Build | Farm |
| 15:34 | Create | Villager (Male) |
| 15:37 | Build | House |
| 15:53 | Create | Villager (Male) |
| 16:14 | Create | Villager (Male) |
| 16:21 | Create | Skirmisher |
| 16:21 | Create | Skirmisher |
| 16:35 | Build | Farm |
| 16:36 | Build | Farm |
| 16:37 | Build | Farm |
| 16:55 | Build | Farm |
| 17:07 | Create | Skirmisher |
| 17:08 | Create | Villager (Male) |
| 17:27 | Build | Farm |
| 18:13 | Research | Castle Age |
| 18:13 | Research | Castle Age |
| 18:23 | Create | Skirmisher |
| 18:23 | Create | Skirmisher |
| 18:23 | Create | Skirmisher |
| 18:44 | Build | Lumber Camp |
| 18:49 | Research | Padded Archer Armor |
| 19:07 | Research | Gold Mining |
| 19:21 | Create | Skirmisher |
| 19:28 | Create | Skirmisher |
| 19:52 | Create | Skirmisher |
| 20:12 | Create | Villager (Male) |
| 20:21 | Create | Skirmisher |
| 20:53 | Age | Castle Age |
| 20:57 | Research | Elite Skirmisher (upgrade) |
| 20:58 | Research | Bodkin Arrow |
| 21:05 | Research | Bow Saw |
| 21:11 | Build | Town Center |
| 21:24 | Create | Villager (Male) |
| 21:27 | Research | Town Watch |
| 21:33 | Build | Town Center |
| 21:43 | Create | Villager (Male) |
| 21:51 | Create | Villager (Male) |
| 21:55 | Create | Villager (Male) |
| 22:11 | Create | Villager (Male) |
| 22:15 | Create | Villager (Male) |
| 22:20 | Build | Siege Workshop |
| 22:22 | Create | Villager (Male) |
| 22:29 | Create | Skirmisher ×3 |
| 22:34 | Create | Villager (Male) |
| 22:38 | Build | Farm |
| 22:46 | Create | Villager (Male) |
| 23:14 | Create | Mangonel |
| 23:16 | Build | House |
| 23:17 | Create | Villager (Male) |
| 23:18 | Create | Skirmisher |
| 23:20 | Create | Villager (Male) |
| 23:24 | Create | Villager (Male) |
| 23:25 | Create | Villager (Male) |
| 23:25 | Create | Villager (Male) |
| 23:38 | Build | Monastery |
| 23:42 | Create | Villager (Male) |
| 23:46 | Build | Farm |
| 23:51 | Build | House |
| 23:54 | Build | Mining Camp |
| 24:06 | Create | Villager (Male) |
| 24:08 | Create | Villager (Male) |
| 24:14 | Create | Mangonel |
| 24:22 | Create | Villager (Male) |
| 24:24 | Create | Villager (Male) |
Match timeline
| 4:58 | Osama · first_building Barracks |
| 5:07 | WINDOWS2008 · first_building Barracks |
| 7:14 | Osama · wall_segment Palisade Wall x7 |
| 7:30 | Osama · wall_segment Palisade Wall x6 |
| 7:31 | Osama · wall_segment Palisade Wall x1 |
| 7:53 | Osama · wall_segment Palisade Wall x4 |
| 8:00 | WINDOWS2008 · wall_segment Palisade Wall x1 |
| 8:00 | WINDOWS2008 · wall_segment Palisade Wall x1 |
| 8:36 | WINDOWS2008 · wall_segment Palisade Wall x1 |
| 8:51 | WINDOWS2008 · age_up feudal |
| 8:59 | WINDOWS2008 · first_building Archery Range |
| 9:21 | Osama · wall_segment Palisade Wall x1 |
| 9:22 | Osama · wall_segment Palisade Wall x1 |
| 9:24 | Osama · wall_segment Palisade Wall x1 |
| 10:33 | Osama · age_up feudal |
| 10:35 | Osama · first_building Archery Range |
| 11:15 | WINDOWS2008 · wall_segment Palisade Wall x3 |
| 11:49 | WINDOWS2008 · wall_segment Palisade Wall x17 |
| 13:28 | WINDOWS2008 · wall_segment Palisade Wall x22 |
| 14:07 | WINDOWS2008 · wall_segment Palisade Wall x1 |
| 14:13 | WINDOWS2008 · wall_segment Palisade Wall x1 |
| 14:24 | WINDOWS2008 · wall_segment Palisade Wall x11 |
| 17:14 | Osama · first_market_buy 500 food |
| 17:14 | Osama · first_market_sell 500 wood |
| 18:07 | WINDOWS2008 · wall_segment Palisade Wall x1 |
| 20:22 | WINDOWS2008 · age_up castle |
| 20:50 | WINDOWS2008 · first_building Siege Workshop |
| 20:53 | Osama · age_up castle |
| 22:20 | Osama · first_building Siege Workshop |
| 23:38 | Osama · first_building Monastery |
| 25:18 | WINDOWS2008 · first_building Monastery |
| 29:28 | WINDOWS2008 · first_building Castle |
| 32:39 | Osama · first_building Castle |
| 34:38 | Osama · age_up imperial |
| 34:47 | WINDOWS2008 · age_up imperial |
| 35:17 | WINDOWS2008 · resign |
[ AI ANALYSIS · 1 CREDIT ]
What really happened in this match?
Wolo.gg analyzes every decision: build order, eco, micro, common mistakes by bracket. Personalized analysis on WhatsApp or Discord in 30 seconds.
Civ guide
Bohemians
Perfil
satisfaction_